 Dungeon Crawl Stone Soup version 0.27.1 (webtiles) character file.

Game seed: 14508110428935709465

9 MajorAdolf the Grasshopper (level 2, 25/25 HPs)
             Began as a Naga Wanderer on Aug 30, 2021.
             Quit the game on level 2 of the Dungeon on Aug 31, 2021.
             The game lasted 00:02:38 (756 turns).

MajorAdolf the Grasshopper (Naga Wanderer)           Turns: 756, Time: 00:02:39

Health: 25/25      AC:  3    Str: 13    XL:     2   Next: 12%
Magic:  5/5        EV:  8    Int: 12    God:
Gold:   23         SH:  0    Dex: 11    Spells: 4/5 levels left

rFire    . . .     SeeInvis +   a - +0 club
rCold    . . .     Faith    .   (no shield)
rNeg     . . .     Spirit   .   g - +0 ring mail
rPois    +         Reflect  .   (no helmet)
rElec    .         Harm     .   (no cloak)
rCorr    .         Rampage  .   (no gloves)
Will     .....                  (no barding)
Stlth    +.........             (no amulet)
HPRegen  0.08/turn              (no ring)
MPRegen  0.09/turn              (no ring)

@: very slow
A: AC +0, large, see invisible, deformed body, poison resistance, slowness 2,
spit poison 1, naga tail 1
a: Spit Poison


You were on level 2 of the Dungeon.
You visited 1 branch of the dungeon, and saw 2 of its levels.

You collected 23 gold pieces.

Inventory:

Hand Weapons
 a - a +0 club (weapon)
 e - a +0 spear of distortion
Armour
 b - a +0 robe
 g - a +0 ring mail (worn)
Scrolls
 c - a scroll of teleportation
 h - 3 scrolls of amnesia {unknown}
Potions
 d - a potion of resistance {unknown}
 f - a potion of invisibility {unknown}


   Skills:
 + Level 1.0 Fighting
 + Level 1.0 Dodging
 + Level 1.5 Stealth
 + Level 1.0 Shields
 + Level 2.1 Spellcasting
 + Level 2.6 Translocations
 + Level 1.0 Air Magic
 + Level 1.0 Evocations


You had 4 spell levels left.
You knew the following spells:

 Your Spells              Type           Power      Damage    Failure   Level
a - Beastly Appendage     Tmut           2%         N/A       52%         1

Your spell library contained the following spells:

 Spells                   Type           Power      Damage    Failure   Level
 Blink                    Tloc           N/A        N/A       30%         2
 Gell's Gravitas          Tloc           3%         N/A       52%         3
 Lesser Beckoning         Tloc           3%         N/A       52%         3
 Teleport Other           Tloc           7%         N/A       52%         3
 Ignite Poison            Fire/Tmut/Pois 1%         N/A       87%         3
 Manifold Assault         Tloc           7%         N/A       99%         5


Dungeon Overview and Level Annotations

Branches:
Dungeon (2/15)

Altars:

Shops:
D:2 [


Innate Abilities, Weirdness & Mutations

Your serpentine skin is tough. (AC +0)
You have supernaturally acute eyesight. (SInv)
Armour fits poorly on your strangely shaped body.
Your system is resistant to poisons. (rPois)
You cover ground very slowly.
You can spit poison.
You have a snake-like lower body.


Message History

Press: ? - help, Shift-Dir - straight line, f - giant cockroach
Aim: a giant cockroach The splash of poison misses the giant cockroach.
Unknown command.
You have got your breath back.
Press: ? - help, Shift-Dir - straight line, f/p - giant cockroach
Aim: a giant cockroach The splash of poison misses the giant cockroach.
The giant cockroach barely misses you.
The giant cockroach bites you but does no damage.
Unknown command.
The giant cockroach bites you but does no damage.
Casting: Beastly Appendage (safe; 52% risk of failure)
Confirm with . or Enter, or press ? or * to list all spells.
You grow a pair of large bovine horns.
The giant cockroach closely misses you.
Unknown command.
You hit the giant cockroach but do no damage.
You have got your breath back.
The giant cockroach barely misses you. The giant cockroach bites you.
You hit the giant cockroach.
Your headbutt misses the giant cockroach.
The giant cockroach is severely wounded.
The giant cockroach barely misses you.
You hit the giant cockroach.
You kill the giant cockroach!
Unknown command.
You start resting.
HP restored.
You start resting.
Your horns disappear.
Casting: Beastly Appendage (safe; 52% risk of failure)
Confirm with . or Enter, or press ? or * to list all spells.
You don't know that spell.
Okay, then.
No target in view!
Welcome back, MajorAdolf the Naga Wanderer.
Press ? for a list of commands and other information.
Welcome back, MajorAdolf the Naga Wanderer.
Press ? for a list of commands and other information.
Unknown command.
Are you sure you want to abandon this character and quit the game? (Confirm with "yes".)

##...# #........# #..#
#........# ######..###
#........#
..........####........#
...######.#...........#
........#...##........#
#.###.....##.....####
#...#..............#
#....##..@.......#
##...............#
#..................<#
#......###...........#
#...... #...........#
.....................#
############.....<...#
##.>......# ####≈≈≈###


There were no monsters in sight!

Vanquished Creatures
  A dart slug (D:2)
  A ball python (D:1)
  2 endoplasms
  A giant cockroach (D:2)
  A rat (D:2)
6 creatures vanquished.

Notes
Turn   | Place    | Note
-------+----------+-------------------------------------------
     0 | D:1      | MajorAdolf the Naga Wanderer began the quest for the Orb.
     0 | D:1      | MajorAdolf set off with the following items: a +0 club, a
                  | +0 robe, a scroll of teleportation; and the following spell
                  | memorised: Beastly Appendage; and the following spells
                  | available to memorise: Blink, Gell's Gravitas, Lesser
                  | Beckoning, Teleport Other, Ignite Poison, Manifold Assault
     0 | D:1      | Reached XP level 1. HP: 18/18 MP: 3/3
    60 | D:2      | Found Garghas's Armour Shoppe.
   663 | D:2      | Reached XP level 2. HP: 20/25 MP: 5/5
   756 | D:2      | Quit the game

Illustrated notes

Levels and vault maps discovered:
D:1:      psy_arrival_radial02, layout_loops_cross, serial_forest,
          infiniplex_forest_clump_double, infiniplex_forest_clump_medium,
          infiniplex_forest_clump_double, infiniplex_forest_clump_small,
          infiniplex_forest_clump_diagonal, infiniplex_forest_corner_1,
          infiniplex_forest_diagonal, infiniplex_forest_lined_ring,
          minmay_misc_feat_ornament, minmay_misc_feat_roman,
          hangedman_decor_points, hangedman_decor_lopped,
          minmay_misc_feat_rugged, minmay_shallow_snake_nest
D:2:      layout_rooms, serial_shops, nicolae_shop_waterfront

Action                   || total
-------------------------++-------
Melee: Club              ||    17
 Cast: Beastly Appendage ||     1
 Abil: Spit Poison       ||     4
Armor: Robe              ||     1
       Ring mail         ||     2
Dodge: Dodged            ||     8
